 Dungeon Crawl Stone Soup version 0.29.1-2-gbd0b4ee654 (webtiles) character file.

Game seed: 6426669844518139021

13484 Godmorgon the Zephyrmancer (level 12, 0/59 HPs)
             Began as a Tengu Air Elementalist on Oct 23, 2022.
             Was an Initiate of Vehumet.
             Slain by a four-headed hydra (10 damage)
             ... on level 1 of the Lair of Beasts.
             The game lasted 01:04:44 (18657 turns).

Godmorgon the Zephyrmancer (TeAE)                  Turns: 18657, Time: 01:04:45

Health: 0/59       AC: 11    Str:  9    XL:     12   Next: 6%
Magic:  16/35      EV: 14    Int: 20    God:    Vehumet [......]
Gold:   556        SH:  0    Dex: 15    Spells: 14/30 levels left

rFire   + . .      SeeInvis .   a - +4 flail
rCold   . . .      Faith    .   (no shield)
rNeg    . . .      Spirit   .   Q - +2 leather armour {rF+}
rPois   .          Reflect  .   (helmet restricted)
rElec   .          Harm     .   j - +0 cloak
rCorr   .          Rampage  .   l - +0 pair of gloves
Will    .....                   (boots unavailable)
Stlth   ++........              q - amulet of the acrobat
HPRegen 0.19/turn               i - ring of magical power
MPRegen 0.24/turn               u - +4 ring of protection

@: flying quickly and evasively, quick
A: beak, talons 3, nimble flight
a: Renounce Religion


You were on level 1 of the Lair of Beasts.
You worshipped Vehumet.
Vehumet was noncommittal.
You visited 3 branches of the dungeon, and saw 12 of its levels.

You collected 668 gold pieces.
You spent 112 gold pieces at shops.

Inventory:

Hand Weapons
 a - a +4 flail (weapon)
 J - a +5 morningstar
Missiles
 v - 33 poisoned darts
 z - 8 curare-tipped darts (quivered)
 S - 3 throwing nets
Armour
 j - a +0 cloak (worn)
 l - a +0 pair of gloves (worn)
 Q - a +2 leather armour of fire resistance (worn)
Magical Staves
 b - a staff of cold
Jewellery
 i - a ring of magical power (left hand)
 q - an amulet of the acrobat (around neck)
 u - a +4 ring of protection (right hand)
Wands
 H - a wand of polymorph (10)
 I - a wand of paralysis (12)
Scrolls
 o - 4 scrolls of butterflies
 p - a scroll of brand weapon {unknown}
 w - 4 scrolls of vulnerability
 x - 8 scrolls of teleportation
 y - 4 scrolls of blinking
 A - a scroll of amnesia {unknown}
 B - a scroll of silence {unknown}
 E - a scroll of magic mapping
 F - 2 scrolls of fear {unknown}
 G - a scroll of summoning {unknown}
 M - 2 scrolls of poison {unknown}
Potions
 c - 2 potions of mutation {unknown}
 g - 3 potions of lignification
 h - 2 potions of attraction
 k - 2 potions of resistance
 s - a potion of heal wounds
 t - 3 potions of brilliance {unknown}
 C - a potion of haste {unknown}
 L - a potion of magic
 N - a potion of flight {unknown}
 P - a potion of curing
 T - a potion of invisibility
Miscellaneous
 O - a lightning rod (4/4)


   Skills:
 * Level 6.6 Maces & Flails
 - Level 2.1 Dodging
 - Level 2.0 Stealth
 * Level 9.8 Spellcasting
 + Level 9.9 Conjurations
 + Level 11.4 Air Magic
 - Level 10.0 Poison Magic


You had 14 spell levels left.
You knew the following spells:

 Your Spells              Type           Power      Damage    Failure   Level
a - Airstrike             Air            26%        2d(4-20)  1%          4
d - Static Discharge      Conj/Air       51%        3-10/arc  1%          2
l - Lightning Bolt        Conj/Air       25%        1d41      3%          5
s - Shock                 Conj/Air       100%       1d9       1%          1
t - Olgreb's Toxic Radia  Pois           49%        N/A       1%          4

Your spell library contained the following spells:

 Spells                   Type           Power      Damage    Failure   Level
 Sting                    Tmut/Pois      100%       1d8       1%          1
 Poisonous Vapours        Pois/Air       100%       N/A       1%          2
 Swiftness                Air            53%        N/A       1%          3
 Dazzling Flash           Conj/Hex       58%        N/A       3%          3
 Spider Form              Tmut/Pois      29%        N/A       3%          3
 Beastly Appendage        Tmut           18%        N/A       10%         1
 Slow                     Hex            36%        N/A       10%         1
 Summon Small Mammal      Summ           36%        N/A       10%         1
 Summon Lightning Spire   Summ/Air       32%        N/A       10%         4
 Fulminant Prism          Conj/Hex       14%        3d9       13%         4
 Hailstorm                Conj/Ice       29%        3d8       13%         4
 Iskenderun's Mystic Bla  Conj/Tloc      29%        2d7       13%         4
 Sticky Flame             Conj/Fire      29%        2d5       13%         4
 Wereblood                Tmut           9%         N/A       16%         2
 Call Canine Familiar     Summ           9%         N/A       30%         3
 Confusing Touch          Hex            9%         N/A       30%         3
 Summon Guardian Golem    Hex/Summ       9%         N/A       30%         3
 Vampiric Draining        Necr           9%         2d6       30%         3
 Anguish                  Hex/Necr       4%         N/A       69%         4
 Dispel Undead            Necr           9%         3d8       69%         4
 Ice Form                 Ice/Tmut       9%         N/A       69%         4
 Lee's Rapid Deconstruct  Erth           4%         3d6*      95%         5
 Simulacrum               Ice/Necr       4%         N/A       100%        6
 Ozocubu's Refrigeration  Ice            4%         4d8       100%        7
 Ignition                 Fire           4%         3d4       100%        8


Dungeon Overview and Level Annotations

Branches:
Dungeon (10/15)            Temple (1/1) D:6            Lair (1/5) D:8
    Orc: D:9-12

Altars:
Ashenzari
Cheibriados
Dithmenos
Elyvilon
Fedhas
Gozag
Hepliaklqana
Kikubaaqudgha
Makhleb
Nemelex Xobeh
Okawaru
Qazlal
Ru
Sif Muna
Trog
Uskayaw
Vehumet
Wu Jian
Xom
Yredelemnul
Zin
The Shining One

Shops:
D:1 [(!   D:6 *   D:8 *

Annotations:
D:4 3 runed translucent doors, angelusfrater's ghost, amateur HOFi


Innate Abilities, Weirdness & Mutations

You have a beak for a mouth.
You have claws for feet.
Your magical nature lets you fly swiftly and evasively.


Message History

Aiming: Airstrike (dangerous; 1% risk of failure)
Press: ? - help, Dir - move target, f/p - four-headed hydra
Aim: a four-headed hydra (moderately wounded, empty space bonus: 7/8)
The air twists around and strikes the four-headed hydra!
The four-headed hydra is moderately wounded.
The four-headed hydra bites you. The four-headed hydra bites you! x2
The four-headed hydra bites you.
Casting: Airstrike (dangerous; 1% risk of failure)
Confirm with . or Enter, or press ? or * to list all spells.
Aiming: Airstrike (dangerous; 1% risk of failure)
Press: ? - help, Dir - move target, f/p - four-headed hydra
Aim: a four-headed hydra (moderately wounded, empty space bonus: 7/8)
The air twists around and strikes the four-headed hydra!!
The four-headed hydra is severely wounded.
The four-headed hydra bites you. The four-headed hydra misses you.
The four-headed hydra closely misses you.
The four-headed hydra bites you but does no damage.
Casting: Airstrike (dangerous; 1% risk of failure)
Confirm with . or Enter, or press ? or * to list all spells.
Aiming: Airstrike (dangerous; 1% risk of failure)
Press: ? - help, Dir - move target, f/p - four-headed hydra
Aim: a four-headed hydra (severely wounded, empty space bonus: 7/8)
The air twists around and strikes the four-headed hydra.
The four-headed hydra is almost dead.
A cane toad comes into view.
The four-headed hydra misses you. The four-headed hydra bites you!
* * * LOW HITPOINT WARNING * * *
The four-headed hydra bites you!
* * * LOW HITPOINT WARNING * * *
The four-headed hydra bites you but does no damage.
Casting: Airstrike (dangerous; 1% risk of failure)
Confirm with . or Enter, or press ? or * to list all spells.
Aiming: Airstrike (dangerous; 1% risk of failure)
Press: ? - help, Dir - move target, f/p - four-headed hydra
Aim: a four-headed hydra (severely wounded, empty space bonus: 7/8)
The air twists around and strikes the four-headed hydra!
The four-headed hydra is almost dead.
The cane toad croaks.
The four-headed hydra bites you!
You die...

. #......# ##
#......#
#......#
#..^...# ##.
#......# #..
###.'###
#.#####.####..
#..............
#.....@........
##.....D........
#P..............
##...!..........
#P.F..#P#.###...
##..#####.# ...
#.. +# #.. #..


You could see a four-headed hydra and a cane toad.

Vanquished Creatures
  Harold (D:10)
  A catoblepas (Lair:1)
  A two-headed ogre (D:9)
  Amaemon (D:8)
  A wizard (D:10)
  Pikel (D:6)
  Joseph (D:7)
  A gargoyle (D:8)
  An orange demon (D:8)
  Maggie (D:8)
  2 komodo dragons (D:8)
  2 trolls
  Prince Ribbit (D:8)
  2 wyverns (D:9)
  A wraith (D:9)
  Sigmund (D:6)
  A shadow (D:9)
  11 yaks
  Grum (D:8)
  A steam dragon (D:8)
  Edmund (D:6)
  A water moccasin (D:7)
  An ice beast (D:8)
  2 sky beasts
  2 orc warriors
  2 black bears
  3 wolves (D:8)
  2 ogres (D:7)
  4 centaurs
  A lemure (D:5)
  2 phantoms
  3 kobold brigands
  A gnoll sergeant (D:6)
  6 bullfrogs
  3 scorpions
  6 necrophages
  13 wights
  12 killer bees
  4 howler monkeys
  A bullfrog zombie (D:5)
  4 jellies
  5 hounds
  3 orc priests
  3 iguanas
  3 orc wizards
  A killer bee zombie (D:5)
  10 gnolls
  11 adders
  4 white imps
  An adder zombie (D:5)
  3 worms (D:2)
  4 dart slugs
  41 orcs
  7 endoplasms
  4 giant cockroaches
  12 goblins
  13 hobgoblins
  4 jackals (D:3)
  8 quokkas
  6 ball pythons
  7 bats
  3 frilled lizards
  25 kobolds
  8 rats
293 creatures vanquished.

Vanquished Creatures (others)
  A bush (D:5)
  12 fungi (D:8)
  30 plants
43 creatures vanquished.

Grand Total: 336 creatures vanquished

Notes
Turn   | Place    | Note
-------+----------+-------------------------------------------
     0 | D:1      | Godmorgon the Tengu Air Elementalist began the quest for
                  | the Orb.
     0 | D:1      | Reached XP level 1. HP: 10/10 MP: 4/4
   186 | D:1      | Reached XP level 2. HP: 15/15 MP: 4/6
   189 | D:1      | Learned a level 2 spell: Static Discharge
   205 | D:1      | Found Tokom's Distillery.
   346 | D:1      | Found Rulah's Weapon Shop.
   348 | D:1      | Found Maeqiase's Armour Shop.
   679 | D:1      | Reached XP level 3. HP: 19/19 MP: 4/7
   985 | D:1      | Found a faded altar of an unknown god.
  1090 | D:2      | Reached skill level 5 in Air Magic
  1137 | D:2      | Found a glowing golden altar of the Shining One.
  1872 | D:2      | Reached XP level 4. HP: 11/24 MP: 1/8
  2514 | D:2      | Reached skill level 1 in Poison Magic
  3033 | D:3      | Gained mutation: Your magical nature lets you fly swiftly
                  | and evasively. [Tengu growth]
  3033 | D:3      | Reached XP level 5. HP: 25/28 MP: 4/9
  4030 | D:3      | Got the Directory of Snowy Glamour
  4499 | D:1      | Bought a potion of heal wounds for 70 gold pieces
  4499 | D:1      | Bought a potion of curing for 42 gold pieces
  4574 | D:4      | Reached skill level 6 in Air Magic
  4783 | D:4      | Reached XP level 6. HP: 25/32 MP: 0/11
  5186 | D:4      | Found a runed translucent gate.
  5186 | D:4      | Found a runed translucent gate.
  5186 | D:4      | Found a runed translucent gate.
  5186 | D:4      | Noticed angelusfrater's ghost (amateur HOFi)
  5247 | D:4      | Learned a level 4 spell: Olgreb's Toxic Radiance
  6034 | D:4      | Reached XP level 7. HP: 29/36 MP: 3/13
  6111 | D:4      | Learned a level 4 spell: Airstrike
  6124 | D:4      | Found a snail-covered altar of Cheibriados.
  7121 | D:5      | Entered Level 5 of the Dungeon
  7128 | D:5      | Reached skill level 7 in Air Magic
  7231 | D:6      | Found a staircase to the Ecumenical Temple.
  7244 | Temple   | Entered the Ecumenical Temple
  7389 | D:5      | Found a shadowy altar of Dithmenos.
  7653 | D:5      | Reached XP level 8. HP: 30/41 MP: 2/15
  7790 | D:5      | Found a blossoming altar of Fedhas.
  7877 | D:5      | Reached skill level 5 in Conjurations
  8717 | D:5      | Reached skill level 5 in Poison Magic
  8929 | D:5      | Reached skill level 5 in Spellcasting
  9163 | D:6      | Reached skill level 8 in Air Magic
  9248 | D:6      | Found Ilois's Elemental Accessories.
  9249 | D:6      | Noticed Sigmund
  9252 | D:6      | Killed Sigmund
  9356 | D:6      | Reached XP level 9. HP: 45/45 MP: 5/18
  9447 | D:6      | Found an ancient bone altar of Kikubaaqudgha.
  9903 | D:6      | Noticed Pikel
  9973 | D:6      | Killed Pikel
 10263 | D:6      | Noticed Edmund
 10271 | D:6      | Killed Edmund
 10584 | D:7      | Reached skill level 9 in Air Magic
 10922 | D:7      | Noticed Joseph
 11969 | D:7      | Killed Joseph
 11970 | D:7      | Reached XP level 10. HP: 11/50 MP: 2/22
 12441 | D:7      | Found a hazy altar of Hepliaklqana.
 13094 | D:8      | Noticed Maggie
 13108 | D:8      | Killed Maggie
 13109 | D:8      | Reached skill level 1 in Maces & Flails
 13317 | D:8      | Found a broken altar of Ashenzari.
 13428 | D:8      | Noticed Prince Ribbit
 13433 | D:8      | Killed Prince Ribbit
 13795 | D:8      | Reached skill level 10 in Air Magic
 14346 | D:8      | Noticed Amaemon
 14346 | D:8      | Noticed an orange demon
 14391 | D:8      | Killed Amaemon
 14392 | D:8      | Reached XP level 11. HP: 18/54 MP: 10/24
 14677 | D:8      | Found Xosity's Assorted Antiques.
 14995 | D:8      | Noticed Grum
 15007 | D:8      | Killed Grum
 15240 | D:8      | Found a shimmering blue altar of Sif Muna.
 15366 | D:8      | Found a staircase to the Lair.
 15811 | D:9      | Noticed a two-headed ogre
 15817 | D:9      | Killed a two-headed ogre
 15818 | D:9      | Reached skill level 5 in Maces & Flails
 16440 | D:9      | Found a white marble altar of Elyvilon.
 16440 | D:9      | Found a faded altar of an unknown god.
 16450 | D:9      | Found a faded altar of an unknown god.
 16452 | D:9      | Found a basalt altar of Yredelemnul.
 16455 | D:9      | Found a sacrificial altar of Ru.
 16833 | D:9      | Found a sparkling altar of Nemelex Xobeh.
 16954 | D:10     | Entered Level 10 of the Dungeon
 17022 | D:10     | Found a radiant altar of Vehumet.
 17039 | D:10     | Noticed a wizard
 17047 | D:10     | Killed a wizard
 17048 | D:10     | Reached skill level 10 in Poison Magic
 17306 | D:10     | Became a worshipper of Vehumet
 17397 | D:10     | Reached skill level 11 in Air Magic
 17655 | D:10     | Noticed Harold
 17661 | D:10     | Killed Harold
 17951 | D:10     | Learned a level 5 spell: Lightning Bolt
 18080 | Lair:1   | Entered Level 1 of the Lair of Beasts
 18177 | Lair:1   | Noticed a catoblepas
 18182 | Lair:1   | Reached XP level 12. HP: 23/59 MP: 26/26
 18390 | Lair:1   | Killed a catoblepas
 18647 | Lair:1   | Noticed a four-headed hydra
 18657 | Lair:1   | Slain by a four-headed hydra

Illustrated notes

Levels and vault maps discovered:
D:1:      saegor_arrival_miasma, layout_rooms, chequers_ecumenical_altar_twisty,
          serial_shops, nicolae_shop_stone, shop_statue, shop
D:2:      layout_basic, basic_altar, minmay_fractal_squares_5
D:3:      layout_basic, serial_co_window_serial, co_window_paths_a,
          co_window_cross_1, co_window_corner_a, co_window_of_opportunity_a,
          co_window_of_opportunity_a, co_window_paths_a, co_window_paths_c,
          co_window_unsneaky_path_b, co_window_corner_b,
          co_window_of_opportunity_b, co_window_4corner_b, glass_columns_c,
          glass_columns_b, glass_columns_a, glass_columns_b, glass_columns_b,
          minmay_circle_x
D:4:      corexii_shantytown, layout_basic, mainiacjoe_overflow_surrounded_room,
          gammafunk_ghost_necromancy, serial_corexii_hall,
          chequers_hall_statues_wall_a, corexii_hall_statues_u
D:5:      layout_basic, fedhas_altar_decomposition, amcnicky_altar_gilded
D:6:      layout_rooms, nicolae_overflow_hidden_temple,
          minmay_temple_entry_statues_pillars, nicolae_elemental_shop,
          uniq_sigmund, uniq_edmund, uniq_pikel
D:7:      layout_loops_ring, mainiacjoe_overflow_chevrons, uniq_joseph
D:8:      layout_basic, kennysheep_little_box, ashenzari_altar_1,
          grunt_lair_entry_orc_guard_hut, serial_shops, kennysheep_mini,
          uniq_amaemon, uniq_prince_ribbit1, uniq_grum, uniq_maggie
D:9:      layout_rooms, old_standard_altar, chequers_temple_overflow_minitemple
D:10:     kennysheep_big_flooded_room, layout_basic, lemuel_tele_altar,
          uniq_harold
Temple:   nicolae_temple_two_arcs
Lair:1:   layout_regular_city, gammafunk_ghost_icy, serial_bayou_shore_a

Skill      XL: |  1  2  3  4  5  6  7  8  9 10 11 |
---------------+----------------------------------+-----
Conjurations   | 2 3 4 6 7 8 9 |  9.9
Air Magic      | 5 6 7 8 9 10 11 | 11.4
Poison Magic   | 1 2 3 4 5 7 9 10 | 10.0
Spellcasting   | 3 4 5 7 8 9 |  9.8
Maces & Flails | 3 6 |  6.6
Dodging        | |  2.1
Stealth        | |  2.0

Action                   |  1- 3 |  4- 6 |  7- 9 | 10-12 || total
-------------------------+-------+-------+-------+-------++-------
Melee: Unarmed           |     5 |       |       |       ||     5
       Kick              |     2 |     7 |     1 |     1 ||    11
       Peck              |     2 |     5 |     2 |     1 ||    10
       Short sword       |     3 |       |       |       ||     3
       Dagger            |       |    21 |     7 |       ||    28
       Flail             |       |       |       |     7 ||     7
Throw: Dart              |       |       |     2 |     3 ||     5
 Cast: Shock             |    75 |    44 |    25 |    27 ||   171
       Static Discharge  |     9 |    54 |    69 |    60 ||   192
       Airstrike         |       |       |    54 |    90 ||   144
       Olgreb's Toxic Ra |       |       |    12 |    13 ||    25
  Use: Scroll            |       |     3 |     7 |     3 ||    13
       Potion            |       |       |     1 |     1 ||     2
Armor: Robe              |       |     9 |     8 |     2 ||    19
       Steam dragon scal |       |       |       |    10 ||    10
       Leather armour    |       |       |       |    11 ||    11
Dodge: Dodged            |    11 |    37 |    50 |    70 ||   168
